 Dungeon Crawl Stone Soup version 0.30.0-5-g1a98f26d00 (webtiles) character file.

Game seed: 1788998433426268438

14 hawla the Firebug (level 2, 0/20 HPs)
             Began as a Meteoran Fire Elementalist on May 12, 2023.
             Slain by an ogre
             ... wielding a +0 giant club
              (20 damage)
             ... on level 4 of the Dungeon.
             The game lasted 00:01:51 (269 turns).

hawla the Firebug (Meteoran Fire Elementalist)       Turns: 269, Time: 00:01:51

Health: 0/20       AC:  2    Str: 15    XL:     2   Next: 82%
Magic:  2/6        EV: 12    Int: 16    God:
Gold:   171        SH:  0    Dex: 14    Spells: 3/6 levels left

rFire   . . .        h - staff of air
rCold   . . .        (no shield)
rNeg    . . .        a - +0 robe
rPois   .            (no helmet)
rElec   +            (no cloak)
rCorr   .            (no gloves)
SInv    .            (no boots)
Will    .....        (no amulet)
Stlth   +            d - +6 ring of strength
HPRegen 0.23/turn    (no ring)
MPRegen 0.10/turn

%: no passive effects
@: glowing
A: sense surroundings 1, otherworldly, glowing, explore regen
a: no special abilities


You were on level 4 of the Dungeon.
You visited 1 branch of the dungeon, and saw 4 of its levels.

You collected 171 gold pieces.

Inventory:

Armour
 a - a +0 robe (worn)
Magical Staves
 h - a staff of air (weapon)
Jewellery
 d - a +6 ring of strength (left hand)
Potions
 b - a potion of magic
 c - a potion of mutation {unknown}
 e - a potion of haste {unknown}
 f - a potion of attraction {unknown}
 g - a potion of flight {unknown}
 i - a potion of resistance {unknown}


   Skills:
 - Level 2.5 Dodging
 - Level 1.4 Stealth
 - Level 2.9 Spellcasting
 - Level 1.6 Conjurations
 - Level 4.2 Fire Magic


You had 3 spell levels left.
You knew the following spells:

 Your Spells              Type           Power      Damage    Failure   Level
a - Foxfire               Conj/Fire      44%        2x1d6     6%          1
b - Scorch                Fire           30%        2d6       4%          2

Your spell library contained the following spells:

 Spells                   Type           Power      Damage    Failure   Level
 Inner Flame              Hex/Fire       9%         N/A       24%         3
 Volatile Blastmotes      Fire/Tloc      18%        2d11      24%         3
 Flame Wave               Conj/Fire      11%        2d6       50%         4


Dungeon Overview and Level Annotations

Branches:
Dungeon (4/15) Zot: 2131
 Temple: D:4-7

Altars:


Innate Abilities, Weirdness & Mutations

You passively map a small area around you.
You are easily found by Zot.
You glow in the dark.
You regain HP and MP as you explore.


Message History

You now have 109 gold pieces (gained 19).
Press: ? - help, v - describe, . - travel, g - get item Item here: 9 gold pieces.
The floor.
You now have 122 gold pieces (gained 13).
You now have 136 gold pieces (gained 14).
You now have 145 gold pieces (gained 9).
You now have 159 gold pieces (gained 14).
You now have 171 gold pieces (gained 12).
Found a stone staircase leading down.
Found a short smoking staff.
There is a stone staircase leading down here.
h - a staff of air
h - a staff of air (weapon)
Setting a skill training target for Staves at 12.0.
You feel stronger.
d - a +6 ring of strength (left hand)
There is a stone staircase leading down here.
You climb downwards.
The ogre shouts!
The goblin shouts!
The orc shouts!
Found a pair of boots and a long bone wand.
Found a stone staircase leading down.
There is a stone staircase leading up here.
Casting: Foxfire (safe; 6% risk of failure)
Confirm with . or Enter, or press ? or * to list all spells.
You conjure some foxfire!
Casting: Foxfire (safe; 6% risk of failure)
Confirm with . or Enter, or press ? or * to list all spells.
Flames lash the goblin.
You kill the goblin!
The foxfire hits the ogre.
The ogre is lightly wounded.
The foxfire hits the ogre.
The ogre is moderately wounded.
Casting: Scorch (safe; 4% risk of failure)
Confirm with . or Enter, or press ? or * to list all spells.
You conjure some foxfire!
The ogre hits you with a +0 giant club!!
Ouch! That really hurt!
You die...

* #### *
.########...
,, *
...........#
, ,
.........#,,
*, ,
#.......# *
#...Ov).# * *
#..ยง@...# *
#...v>..# ,
*#.....o.#* *
....[......,
* *
###.../.....#
*
..##.####...
, ,, ..#*#.#
*..# * ##.
#.# .# , ,*


You could see an ogre (ally target) and an orc (ally target).

Vanquished Creatures
  2 dart slugs (D:1)
  A hobgoblin (D:1)
  2 ball pythons
  A bat (D:1)
  A frilled lizard (D:1)
  A goblin (D:4)
  2 kobolds
  3 rats
13 creatures vanquished.

Vanquished Creatures (others)
  37 foxfires
37 creatures vanquished.

Grand Total: 50 creatures vanquished

Notes
Turn   | Place    | Note
-------+----------+-------------------------------------------
     0 | D:1      | hawla the Meteoran Fire Elementalist began the quest for
                  | the Orb.
     0 | D:1      | Reached XP level 1. HP: 14/14 MP: 5/5
     3 | D:1      | Noticed an electric eel
    45 | D:1      | Reached skill level 4 in Fire Magic
    45 | D:1      | Reached XP level 2. HP: 20/20 MP: 2/6
   129 | D:2      | Learned a level 2 spell: Scorch
   266 | D:4      | Noticed an ogre
   269 | D:4      | Slain by an ogre

Illustrated notes

Levels and vault maps discovered:
D:1:      arrival_aquarium_b, layout_rooms, dilly_ecumenical_altar_fadedgnrine
D:2:      layout_rooms, serial_shops, nicolae_shop_mannequins, uniq_robin
D:3:      layout_rooms, minmay_gold_behind_fungi, hangedman_feature_mirror,
          chequers_arboretum
D:4:      layout_loops_ring, uniq_blork_the_orc, uniq_duvessa

Skill      XL: |  1 |
---------------+----+-----
Fire Magic     | 4 |  4.2
Dodging        | |  2.5
Stealth        | |  1.4
Spellcasting   | |  2.9
Conjurations   | |  1.6

Action                     || total
---------------------------++-------
  Melee: Unarmed           ||     9
   Cast: Foxfire           ||    24
         Scorch            ||     1
    Use: Scroll            ||     2
 Armour: Robe              ||     2
  Dodge: Dodged            ||     6
